Map: Acid Plant LE

Players

Krr

  • Race: Protoss Protoss
  • Spawn Location: 5:00

Ryung - Winner!

  • Race: Terran Terran
  • Spawn Location: 11:00

Event: IEM Season 12 - Katowice

VOD

Have the link to the VOD?

Description

Time

  • Played on: Feb. 26, 2018, 5:27 a.m.
  • Length: 6:20

All games in this series

Show
View Real Time Build Order
Export as new Build Order

Krr Protoss 

Build Orders: 1 Gate Expand, Blink Stalkers 

Get SALT Encoding   

  12  0:00  Probe  
  13  0:12  Probe  
  14  0:17  Pylon  
  14  0:25  Probe (Chrono Boost)  
  16  0:36  Gateway  
  16  0:37  Probe (Chrono Boost)  
  16  0:43  Probe (Chrono Boost)  
  16  0:45  Assimilator  
  17  0:51  Probe  
  18  1:03  Probe  
  19  1:15  Probe  
  20  1:22  Nexus  
  20  1:31  Cybernetics Core  
  20  1:34  Probe  
  20  1:39  Assimilator  
  21  1:46  Probe  
  22  1:50  Pylon  
  22  1:58  Probe  
  23  2:05  Stalker (Chrono Boost)  
  25  2:08  Warp Gate  
  25  2:11  Probe  
  26  2:23  Probe (Chrono Boost)  
  26  2:25  Twilight Council  
  27  2:32  Stalker  
  27  2:34  Probe (Chrono Boost)  
  27  2:35  Probe (Chrono Boost)  
  33  2:44  Probe x2 (Chrono Boost)  
  33  2:49  Probe x2 (Chrono Boost)  
  34  2:53  Blink (Chrono Boost)  
  35  3:00  Probe  
  35  3:01  Probe  
  37  3:10  Gateway  
  36  3:13  Gateway  
  36  3:16  Probe  
  36  3:18  Probe  
  38  3:27  Gateway  
  38  3:33  Gateway  
  37  3:38  Probe x2  
  39  3:44  Assimilator  
  39  3:47  Pylon  
  39  3:50  Probe  
  39  3:51  Probe  
  40  4:03  Probe x2  
  42  4:11  Stalker x3  
  42  4:15  Probe x2, Pylon  
  50  4:25  Pylon  
  50  4:29  Pylon  
  50  4:45  Stalker x4  
  52  4:46  Stalker  
  58  5:12  Stalker x2  
  58  5:13  Stalker x3  
  58  5:40  Stalker x3  
  58  5:41  Stalker  
  66  5:47  Stalker  
  48  6:08  Stalker x3  
Show
View Real Time Build Order
Export as new Build Order

Ryung Terran - Winner!

Build Orders: Reaper Expand 

Get SALT Encoding   

  12  0:00  SCV  
  13  0:13  SCV  
  14  0:17  Supply Depot  
  14  0:25  SCV  
  15  0:38  SCV  
  15  0:41  Barracks  
  16  0:44  Refinery  
  16  0:50  SCV  
  17  1:03  SCV  
  18  1:15  SCV  
  19  1:27  Orbital Command  
  19  1:28  Reaper  
  20  1:43  Command Center  
  20  1:54  Supply Depot, SCV  
  20  2:00  Marine  
  22  2:09  Factory  
  22  2:10  SCV  
  23  2:18  Marine  
  25  2:22  SCV  
  25  2:26  Barracks  
  25  2:33  Refinery  
  25  2:36  SCV  
  26  2:37  Marine  
  27  2:48  SCV  
  28  2:54  Widow Mine, Starport  
  30  3:04  Orbital Command  
  30  3:07  SCV  
  31  3:14  Marine  
  31  3:16  Widow Mine, Marine  
  35  3:20  SCV  
  36  3:30  Medivac  
  36  3:32  SCV  
  39  3:34  Barracks Reactor, Barracks Tech Lab  
  39  3:36  SCV  
  40  3:43  Supply Depot  
  40  3:45  SCV  
  40  3:48  SCV  
  42  3:52  Engineering Bay  
  42  3:55  Stimpack  
  42  3:57  SCV, Marine  
  42  4:00  SCV  
  45  4:09  SCV  
  46  4:10  Bunker  
  46  4:14  Marine x2  
  46  4:15  SCV, Marine  
  50  4:20  Missile Turret  
  50  4:21  SCV  
  50  4:22  Factory Tech Lab  
  51  4:24  Terran Infantry Weapons Level 1  
  51  4:27  SCV  
  51  4:31  Supply Depot  
  51  4:33  SCV  
  51  4:35  Supply Depot  
  52  4:39  SCV  
  52  4:45  SCV  
  54  4:52  Marine x2  
  54  4:53  Siege Tank, Marine  
  54  4:55  SCV  
  54  4:56  Refinery  
  54  4:57  SCV, Medivac  
  64  5:01  Supply Depot  
  63  5:10  Marine x3  
  65  5:21  SCV x2  
  65  5:26  Siege Tank  
  70  5:28  Marine x3  
  73  5:40  Bunker  
  73  5:41  Medivac  
  74  5:45  Supply Depot  
  74  5:46  SCV x2, Marine x2  
  78  5:51  Marine  
  72  6:02  SCV x2  

Tags
 
Add a new tag
Caveats
  • Supply blocks, unpowered buildings, or Contaminate may cause inaccurate times.
  • Supply counts are checked every 10 seconds.